 Dungeon Crawl Stone Soup version 0.19-a0-1384-gbb462ca (webtiles) character file.

134 rlgrobin the Insei (level 4, 0/35 HPs)
             Began as a Mummy Monk on Sept 2, 2016.
             Slain by a gnoll
             ... wielding a +2 flail of holy wrath
              (3 damage)
             ... on level 3 of the Dungeon on Sept 3, 2016.
             The game lasted 00:08:32 (4300 turns).

rlgrobin the Insei (Mummy Monk)                     Turns: 4300, Time: 00:08:33

Health: 0/35       AC:  0    Str: 14    XL:     4   Next: 95%
Magic:  4/4        EV: 13    Int:  9    God:
Gold:   173        SH:  0    Dex: 15    Spells: 0 memorised, 3 levels left

rFire  x . .     SeeInvis .       - Unarmed
rCold  + . .     Gourm    .     (no armour)
rNeg   + + +     Faith    .     (no shield)
rPois  ∞         Spirit   .     (no helmet)
rElec  .         Dismiss  .     (no cloak)
rCorr  .         Reflect  .     (no gloves)
MR     .....     Harm     .     (no boots)
Stlth  ++........               (no amulet)
                                (no ring)
                                (no ring)

@: no status effects
A: no food or potions, fire vulnerability, cold resistance 1, negative energy
resistance 3, torment resistance, unbreathing
a: no special abilities


You were on level 3 of the Dungeon.
You were not hungry.

You visited 1 branch of the dungeon, and saw 3 of its levels.

You collected 173 gold pieces.

Inventory:

Armour
 a - a +0 robe
Jewellery
 c - a cursed amulet of inaccuracy {unknown}
Scrolls
 b - a scroll of enchant weapon
 d - 3 scrolls of immolation
 e - a scroll of amnesia
 f - a scroll of random uselessness
 g - a scroll of teleportation {unknown}
 h - 4 scrolls of noise {unknown}
 i - a scroll of fear {unknown}


   Skills:
 - Level 3.0 Fighting
 - Level 2.4 Dodging
 - Level 1.5 Stealth
 + Level 4.7 Unarmed Combat


You had 3 spell levels left.
You didn't know any spells.

Dungeon Overview and Level Annotations

Branches:
Dungeon (3/15)

Altars:
Elyvilon
Okawaru
Xom

Annotations:
D:3 Grinder


Innate Abilities, Weirdness & Mutations

You do not eat or drink.
Your flesh is vulnerable to fire.
You are immune to poison.
Your flesh is cold resistant. (rC+)
You are immune to negative energy. (rN+++)
You are immune to unholy pain and torment.
You can survive without breathing.


Message History

Press: ? - help, v - describe, . - travel
Here: a gnoll, wielding a flail of holy wrath The floor.
The gnoll shouts!
Okay, then.
You completely miss the gnoll. The gnoll closely misses you.
You hit the gnoll.
The gnoll is moderately wounded.
The gnoll hits you with a club!
* * * LOW HITPOINT WARNING * * *
The gnoll barely misses you.
You hit the gnoll but do no damage.
The gnoll is moderately wounded.
The gnoll misses you.
You hit the gnoll.
The gnoll is severely wounded.
The gnoll hits you with a flail of holy wrath.
* * * LOW HITPOINT WARNING * * *
You convulse.
You die...

#.#....#.#
#......##.#......(
#.#.g#.#.#
#......##.#######'
#.#..#.#.#
#......##......(..
#.#.g#.#.#
#......##..######.
#.#....#.#######......##..#
#.
#.##.###.......'......##..#
#.
#.##.....g.g...#......##..#
#.
###########g#g########.##
#. ...##.#@# #..# #.
#######.##g#g# #..## #.
#..........#.# #...# #.
#.#####.####.# #.#.# #. #.#
#g# #.### #.#.## #. #.# #.#
#...# #.#..###.
#.#####.######.# #.#......
. #.....#...g.g..#
#.#..###. .
###....######### #.#..<##.


You could see 2 gnolls.

Vanquished Creatures
  4 gnolls
  3 adders
  A worm (D:3)
  4 dart slugs
  2 giant geckos (D:1)
  6 orcs (D:3)
  6 bats
  4 giant cockroaches
  A quokka (D:3)
  A ball python (D:3)
  2 giant newts
  5 goblins
  7 kobolds
  10 rats
56 creatures vanquished.

Notes
Turn   | Place    | Note
-------+----------+-------------------------------------------
     0 | D:1      | rlgrobin the Mummy Monk began the quest for the Orb.
     0 | D:1      | Reached XP level 1. HP: 18/18 MP: 1/1
     0 | D:1      | Upgraded the game from 0.19-a0-1365-gb34f4cb to 0.19-a0-1384-gbb462ca
   472 | D:1      | Reached skill level 3 in Unarmed Combat
   472 | D:1      | Reached XP level 2. HP: 22/24 MP: 2/2
   752 | D:1      | Found a shimmering altar of Xom.
   765 | D:1      | Reached XP level 3. HP: 9/29 MP: 3/3
  1431 | D:2      | Found an iron altar of Okawaru.
  1538 | D:2      | Found a white marble altar of Elyvilon.
  1870 | D:2      | Reached skill level 4 in Unarmed Combat
  2124 | D:2      | Reached XP level 4. HP: 11/35 MP: 4/4
  2982 | D:3      | Noticed Grinder
  3001 | D:3      | Paralysed by Grinder for 4 turns
  3032 | D:3      | Paralysed by Grinder for 7 turns
  4300 | D:3      | Slain by a gnoll

Vault maps used:
D:1:      dpeg_arrival_orchard, xom_teletrap_fun
D:2:      okawaru_ov_weapons_minmay, elyvilon_altar_5
D:3:      uniq_grinder

Skill      XL: |  1  2  3 |
---------------+----------+-----
Unarmed Combat | 3 4 |  4.7
Fighting       | |  3.0
Dodging        | |  2.4
Stealth        | |  1.5

Action                   |  1- 3 |  4- 6 || total
-------------------------+-------+-------++-------
Melee: Unarmed           |   137 |   100 ||   237
       Punch             |     2 |     2 ||     4
  Use: Scroll            |     4 |       ||     4
 Stab: Sleeping          |     5 |     2 ||     7
Armor: Robe              |    27 |       ||    27
Dodge: Dodged            |    84 |    75 ||   159
